 Dungeon Crawl Stone Soup version 0.17-a0-2014-g32cd421 (webtiles) character file.

409 Cenon the Ruffian (level 6, -14/30 HPs)
             Began as a Vine Stalker Transmuter on Oct 9, 2015.
             Was a Follower of Okawaru.
             Demolished by an ogre
             ... wielding a +0 giant club
              (20 damage)
             ... on level 4 of the Dungeon.
             The game lasted 00:11:35 (2976 turns).

Cenon the Ruffian (Vine Stalker Transmuter)         Turns: 2976, Time: 00:11:36

Health: -14/30     AC: 10    Str: 15    XL:     6   Next: 89%
Magic:  0/10       EV:  7    Int: 13    God:    Okawaru [*.....]
Gold:   126        SH:  0    Dex: 18    Spells: 1 memorised, 8 levels left

rFire  . . .     SeeInvis .       - Unarmed
rCold  . . .     Clarity  .     k - +0 chain mail
rNeg   + . .     SustAt   .     (no shield)
rPois  .         Gourm    .     t - +0 helmet of the Armadillo {rN+}
rElec  .         Spirit   +     (no cloak)
rCorr  .         Warding  .     (no gloves)
rMut   .         Stasis   .     g - +0 pair of boots
MR     .....                    (no amulet)
Stlth  ..........               (no ring)
                                p - +2 ring of dexterity

@: not resistant to hostile enchantments, extremely unstealthy
A: fangs 2, thin skeletal structure 1, frail 1, regeneration 2, magic shield,
antimagic bite, no device heal 3, rot immunity, MP-powered wands
a: Heroism, Renounce Religion


You were on level 4 of the Dungeon.
You worshipped Okawaru.
Okawaru was aware of your devotion.
You were not hungry.

You visited 1 branch of the dungeon, and saw 4 of its levels.

You collected 165 gold pieces.
You spent 39 gold pieces at shops.

Inventory:

Missiles
 a - 35 arrows
 e - 5 needles of confusion
Armour
 g - a +0 pair of boots (worn)
 k - a +0 chain mail (worn)
 t - the +0 helmet of the Armadillo (worn) {rN+}
   (You took it off Robin on level 3 of the Dungeon)

   It protects you from negative energy.
Jewellery
 p - a +2 ring of dexterity (left hand)
Wands
 r - a wand of fireball (11)
Scrolls
 f - 2 scrolls of enchant weapon {unknown}
 h - 2 scrolls of teleportation {unknown}
 j - a scroll of blinking {unknown}
 o - 4 scrolls of remove curse {unknown}
 q - a scroll of fog {unknown}
 u - 2 scrolls of identify {unknown}
 v - a scroll of random uselessness {unknown}
 w - a scroll of noise {unknown}
 x - a scroll of recharging {unknown}
Potions
 m - 2 potions of flight {unknown}
 n - 2 potions of curing
 s - a potion of lignification {unknown}
Books
 c - a book of Changes

   Spells                             Type                      Level
   a - Beastly Appendage              Transmutation                1
   b - Sticks to Snakes               Transmutation                2
   c - Spider Form                    Transmutation/Poison         3
   d - Ice Form                       Ice/Transmutation            4
   e - Blade Hands                    Transmutation                5
Comestibles
 d - 2 bread rations
 i - 5 chunks of flesh
 l - 2 fruits


   Skills:
 + Level 4.4 Fighting
 - Level 1.5 Dodging
 + Level 5.6 Unarmed Combat
 - Level 2.1 Spellcasting
 - Level 2.0 Transmutations


You had 8 spell levels left.
You knew the following spells:

 Your Spells              Type           Power        Failure   Level  Hunger
a - Beastly Appendage     Trmt           #.....       100%        1    ##.....


Dungeon Overview and Level Annotations

Branches:
Dungeon (4/15)
 Temple: D:4-7

Altars:
Elyvilon
Kikubaaqudgha
Okawaru
Ru
Sif Muna
The Shining One

Shops:
D:4 !

Annotations:
D:4 Pikel


Innate Abilities, Weirdness & Mutations

You have extremely sharp teeth.
You heal very quickly.
When hurt, damage is shared between your health and your magic reserves.
Your bite disrupts and absorbs the magic of your enemies.
Potions and wands cannot restore your health.
You are immune to rotting.
You have a somewhat thin skeletal structure (Dex +2, Stealth).
You are frail (-10% HP).
You expend magic power (3 MP) to strengthen your wands.


Message History

Confirm with . or Enter, or press ? or * to list all spells.
Okay, then.
There is a stone staircase leading down, spattered with blood here.
You climb downwards.
Level annotation: Pikel The ogre hits you with a giant club!
There is a stone staircase leading up here.
You hit the ogre but do no damage. The ogre hits you with a giant club!!
Ouch! That really hurt!
* * * LOW HITPOINT WARNING * * *
You hit the ogre.
The ogre is lightly wounded.
The ogre hits you but does no damage.
You hit the ogre.
The ogre is moderately wounded.
You hit the ogre. You bite the ogre, but do no damage.
The ogre is moderately wounded.
The ogre hits you with a giant club!!
Ouch! That really hurt!
You die...

#.##...#.###.#.#
#.#...# #.#.#
#.##### #.#.#
#.# #.#.# #.#
#.#.# #.# #.#.#
#.#######.#.#
..........O.##.#
#.#######.@....#
########


You could see an ogre.

Vanquished Creatures
  A phantom (D:4)
  Crazy Yiuf (D:3)
  An orc wizard (D:3)
  2 worker ants
  Jessica (D:3)
  Robin (D:3)
  2 gnolls (D:2)
  6 adders
  An ooze (D:3)
  2 worms (D:2)
  3 giant geckos
  3 orcs (D:3)
  20 goblins
  13 hobgoblins
  5 jackals
  10 bats
  4 giant newts
  12 kobolds
  7 rats
95 creatures vanquished.

Notes
Turn   | Place    | Note
--------------------------------------------------------------
     0 | D:1      | Cenon the Vine Stalker Transmuter began the quest for the Orb.
     0 | D:1      | Reached XP level 1. HP: 9/9 MP: 4/4
   165 | D:1      | Reached skill level 1 in Fighting
   319 | D:1      | Reached XP level 2. HP: 11/14 MP: 6/6
   874 | D:2      | Reached XP level 3. HP: 16/18 MP: 5/7
   890 | D:2      | Found a white marble altar of Elyvilon.
  1061 | D:2      | Gained mutation: You have a somewhat thin skeletal structure (Dex +2, Stealth). [potion of mutation]
  1061 | D:2      | Gained mutation: You expend magic power (3 MP) to strengthen your wands. [potion of mutation]
  1061 | D:2      | Gained mutation: You are frail (-10% HP). [potion of mutation]
  1074 | D:2      | Found an iron altar of Okawaru.
  1085 | D:2      | Became a worshipper of Warmaster Okawaru
  1184 | D:2      | Reached skill level 4 in Unarmed Combat
  1184 | D:2      | Reached XP level 4. HP: 12/20 MP: 4/8
  1804 | D:3      | Reached XP level 5. HP: 21/25 MP: 9/9
  1954 | D:3      | Noticed Jessica
  1961 | D:3      | Killed Jessica
  2008 | D:3      | Noticed Crazy Yiuf
  2019 | D:3      | Killed Crazy Yiuf
  2164 | D:3      | Reached skill level 5 in Unarmed Combat
  2324 | D:3      | Found a deep blue altar of Sif Muna.
  2324 | D:3      | Noticed Robin
  2334 | D:3      | Gained mutation: You heal very quickly. [Vine Stalker growth]
  2334 | D:3      | Reached XP level 6. HP: 26/28 MP: 10/10
  2355 | D:3      | Killed Robin
  2364 | D:3      | Got a shimmering helmet
  2370 | D:3      | Identified the +0 helmet of the Armadillo {rN+} (You took it off Robin on level 3 of the Dungeon)
  2458 | D:3      | Found an ancient bone altar of Kikubaaqudgha.
  2460 | D:3      | Found a glowing golden altar of the Shining One.
  2595 | D:4      | Acquired Okawaru's first power
  2738 | D:4      | Found Xoquhimu's Distillery.
  2772 | D:4      | Bought a potion of curing for 39 gold pieces
  2828 | D:4      | Noticed Pikel
  2916 | D:3      | Found a deep blue altar of Sif Muna.
  2916 | D:3      | Found a sacrificial altar of Ru.
  2976 | D:4      | Demolished by an ogre

Vault maps used:
D:1:      dpeg_cavernosity
D:2:      old_standard_altar, okawaru_altar_gauntlet_db
D:3:      nicolae_overflow_hidden_temple, first_bread, led_sif_pool,
          uniq_crazy_yiuf_cottage, uniq_robin, uniq_jessica
D:4:      serial_shops, nicolae_shop_trees, uniq_pikel

Action                   |  1- 3 |  4- 6 || total
-------------------------+-------+-------++-------
Melee: Unarmed           |   130 |   237 ||   367
  Use: Potion            |     3 |       ||     3
  Eat: Chunk             |     1 |     6 ||     7
